 Dungeon Crawl Stone Soup version 0.22-a0-389-g8519d86 (webtiles) character file.

16 Kairos the Shield-Bearer (level 2, -3/16 HPs)
             Began as a Vine Stalker Fighter on Apr 30, 2018.
             Slain by a hippogriff (5 damage)
             ... on level 2 of the Dungeon.
             The game lasted 00:00:46 (613 turns).

Kairos the Shield-Bearer (Vine Stalker Fighter)      Turns: 613, Time: 00:00:47

Health: -3/16      AC:  6    Str: 18    XL:     2   Next: 54%
Magic:  0/3        EV:  7    Int:  8    God:
Gold:   25         SH:  9    Dex: 13    Spells: 1/1 levels left

rFire    + . .     SeeInvis .   a - +0 war axe
rCold    + . .     Gourm    .   c - +0 shield
rNeg     . . .     Faith    .   g - +0 scale mail {rF+}
rPois    .         Spirit   +   (no helmet)
rElec    .         Reflect  .   (no cloak)
rCorr    .         Harm     .   (no gloves)
MR       .....                  (no boots)
Stlth    ..........             (no amulet)
HPRegen  0.05/turn              e - ring of protection from cold
MPRegen  0.08/turn              (no ring)

@: no status effects
A: fangs 2, magic shield, antimagic bite, no potion heal 3, rot immunity
a: no special abilities


You were on level 2 of the Dungeon.
You were not hungry.

You visited 1 branch of the dungeon, and saw 2 of its levels.

You collected 25 gold pieces.

Inventory:

Hand Weapons
 a - a +0 war axe (weapon)
Armour
 b - a +0 scale mail
 c - a +0 shield (worn)
 g - a +0 scale mail of fire resistance (worn)
Jewellery
 e - a ring of protection from cold (left hand)
Potions
 d - a potion of might
 h - a potion of flight {unknown}
 i - a potion of heal wounds {unknown}
 j - a potion of invisibility {unknown}
Comestibles
 f - 2 rations


   Skills:
 + Level 2.9 Fighting
 + Level 1.9 Axes
 + Level 2.5 Armour
 + Level 0.1 Dodging
 + Level 3.0 Shields


You had one spell level left.
You didn't know any spells.

Dungeon Overview and Level Annotations

Branches:
Dungeon (2/15)

Altars:


Innate Abilities, Weirdness & Mutations

You have extremely sharp teeth.
When hurt, damage is shared between your health and your magic reserves.
Your bite disrupts and absorbs the magic of your enemies.
Potions cannot restore your health.
You are immune to rotting.


Message History

The hippogriff bites you but does no damage.
The hippogriff pecks you. The hippogriff closely misses you.
You block the hippogriff's attack. x2
The hippogriff claws you but does no damage.
You slash the hippogriff! You bite the hippogriff. You drain its power.
You feel invigorated.
The hippogriff is severely wounded.
The hippogriff bites you!
Ouch! That really hurt!
The hippogriff pecks you but does no damage.
The hippogriff claws you.
* * * LOW HITPOINT WARNING * * *
You are too injured to fight recklessly!
You slash the hippogriff! You bite the hippogriff. You drain its power.
You feel invigorated.
The hippogriff is almost dead.
The hippogriff bites you.
* * * LOW HITPOINT WARNING * * *
You block the hippogriff's attack. The hippogriff claws you!
You die...

#.... ...#
...#
####...####
#.........#
#..........
#<........#
###....###
#@...#
#H.......
#.#.#.###
#.#...#
#?##### #.#
#.# #.#


You could see a hippogriff.

Vanquished Creatures
  A dart slug (D:1)
  A leopard gecko (D:1)
  A goblin (D:1)
  2 hobgoblins (D:1)
  A ball python (D:1)
  3 bats (D:1)
  A kobold (D:1)
  5 rats (D:1)
15 creatures vanquished.

Notes
Turn   | Place    | Note
-------+----------+-------------------------------------------
     0 | D:1      | Kairos the Vine Stalker Fighter began the quest for the Orb.
     0 | D:1      | Reached XP level 1. HP: 11/11 MP: 2/2
   212 | D:1      | Reached XP level 2. HP: 16/16 MP: 3/3
   248 | D:1      | Reached skill level 3 in Shields
   607 | D:2      | Noticed a hippogriff
   613 | D:2      | Slain by a hippogriff

Vault maps used:
D:1:      sevenhm_arrival_forest_fort_large_2, kennysheep_decorative_pillar,
          minmay_misc_feat_more_columns, serial_bayou_ford_a
D:2:      lightli_temple_of_fire, bloody_trog, lemuel_coloured_pillars_altar,
          first_ration, uniq_robin

Skill      XL: |  1  2 |
---------------+-------+-----
Shields        | 3 |  3.0
Fighting       | |  2.9
Axes           | |  1.9
Armour         | |  2.5
Dodging        | |  0.1

Action                   || total
-------------------------++-------
Melee: War axe           ||    51
       Bite              ||    12
Armor: Scale mail        ||    30
Dodge: Dodged            ||    15
Block: Shield            ||    36

Table legend:
 A = Spawn XP
 B = Non-spawn XP
 C = Spawn XP percentage of total XP
 D = Spawn monster count
 E = Non-spawn monster count
 F = Spawn count percentage of total count
 G = Total turns spent on level
                    A         B        C        D         E        F      G
               +---------+---------+-------+---------+---------+-------+---------
         Total |       0 |      23 |   0.0 |       0 |      15 |   0.0 |   613
               +---------+---------+-------+---------+---------+-------+---------
           D:1 |       0 |      23 |   0.0 |       0 |      15 |   0.0 |   606
               +---------+---------+-------+---------+---------+-------+---------
